AoeStats
← Deja de llorar

Nomad

509779850Analyzed
4v4 RM · 4d ago on Sep 28, 2026· 37m 25s· 8 players
Game mode
Random Map
Map size
231×231
Population
200
Speed
Normal
Resources
Standard
Victory
Conquest
Starting age
Dark Age
Ending age
Imperial Age
RankedLock teamsTeams togetherTeam positionsShared explorationLock speedFull tech treeHidden civsTurbo modeCheats
Victory
Defeat
🇦🇷 Varangians · Argentina
1105
+14
🇵🇪 Vikings · Peru
1100
+14
🇨🇱 Italians · Chile
1097
+14
🇧🇷 Dravidians · Brazil
1094
+14
🇨🇴 Byzantines · Colombia
1070
-15
🇺🇸 Vietnamese · United States
1061
-14
🇲🇽 Varangians · Mexico
1048
-14
🇺🇸 Byzantines · United States
1041
-13
Preft
2:51 Loom
12:50 Feudal Age
13:40 Double-Bit Axe
15:49 Horse Collar
22:48 Castle Age
21:08 Padded Archer Armor
21:19 Forging
21:49 Scale Mail Armor
23:00 Gold Mining
24:09 Bow Saw
24:01 Heavy Plow
24:28 Crossbowman
26:05 Fletching
27:10 Bodkin Arrow
30:18 Wheelbarrow
31:15 Gold Shaft Mining
32:11 Chain Mail Armor
32:52 Hand Cart
33:19 Iron Casting
37:03 Stone Mining
quiet_squirrel22
5:31 Loom
14:06 Feudal Age
17:54 Castle Age
19:21 Fishing Lines
23:54 Fletching
25:50 Wheelbarrow
25:00 Town Watch
25:27 Gold Mining
25:55 Padded Archer Armor
25:51 Bodkin Arrow
30:57 Imperial Age
30:55 Leather Archer Armor
33:24 Paper Money
36:06 Horse Collar
36:13 Double-Bit Axe
37:01 Thumb Ring
ConejoMalo
5:10 Loom
17:02 Feudal Age
32:49 Double-Bit Axe
35:41 Castle Age
EsquedaKING
15:59 Feudal Age
16:47 Fishing Lines
19:37 Wheelbarrow
22:39 Castle Age
22:37 Bloodlines
25:37 Husbandry
27:47 Forging
27:42 Scale Barding Armor
30:53 Imperial Age
31:20 Imperial Age
34:07 Light Cavalry
Deja de llorar
14:23 Feudal Age
14:06 Loom
15:15 Town Watch
18:50 Castle Age
17:27 Double-Bit Axe
19:40 Man-at-Arms
20:20 Squires
20:06 Arson
21:31 Long Swordsman
28:36 Fletching
33:26 Chieftains
33:37 Horse Collar
35:23 Forging
35:14 Scale Mail Armor
37:01 Iron Casting
Knight_Cassian
4:50 Loom
13:12 Feudal Age
14:55 Double-Bit Axe
16:51 Man-at-Arms
20:04 Scale Mail Armor
23:48 Castle Age
23:48 Horse Collar
24:04 Gold Mining
24:05 Stone Mining
24:11 Stone Mining
25:09 Wheelbarrow
23:59 Long Swordsman
26:30 Forging
28:41 Chain Mail Armor
30:05 Iron Casting
30:37 Bow Saw
32:24 Heavy Plow
35:47 Imperial Age
37:42 Wootz Steel
38:05 Plate Mail Armor
EstebanB
11:08 Loom
13:03 Feudal Age
17:43 Castle Age
15:49 Double-Bit Axe
17:09 Fletching
19:03 Medium Warships
19:38 Bow Saw
19:33 Bodkin Arrow
20:16 Horse Collar
23:15 Gold Mining
26:07 Wheelbarrow
27:31 Hand Cart
33:05 Imperial Age
31:06 Ballistics
31:33 Town Watch
32:00 Masonry
33:06 Town Patrol
33:15 Padded Archer Armor
34:17 Bracer
35:48 Two-Man Saw
36:33 Chemistry
35:29 Murder Holes
36:05 Heavy Plow
38:19 Conscription
damiansima
4:50 Loom
14:47 Feudal Age
16:36 Double-Bit Axe
18:15 Horse Collar
18:27 Gold Mining
20:57 Castle Age
19:06 Stone Mining
31:02 Squires
30:48 Arson
32:30 Scale Barding Armor
32:35 Forging
33:01 Scale Mail Armor
36:27 Chain Barding Armor
36:11 Husbandry
36:21 Bloodlines
38:25 Wheelbarrow
Connection lost

Rejoining the realm…

Still unreachable

The connection could not be restored.

Session expired

The server has moved on; the page needs a fresh start.